 Dungeon Crawl Stone Soup version 0.29.1-4-g47bece8355 (webtiles) character file.

Game seed: 17989538771144632964

30 MacCMillion the Shield-Bearer (level 3, 36/36 HPs)
             Began as a Troll Fighter on Dec 11, 2022.
             Quit the game on level 2 of the Dungeon.
             The game lasted 00:01:04 (584 turns).

MacCMillion the Shield-Bearer (Troll Fighter)        Turns: 584, Time: 00:01:04

Health: 36/36      AC:  4    Str: 26    XL:     3   Next: 3%
Magic:  2/2        EV:  8    Int:  4    God:
Gold:   31         SH:  7    Dex:  9    Spells: 2/2 levels left

rFire   . . .      SeeInvis .     - Unarmed
rCold   . . .      Faith    .   b - +0 kite shield
rNeg    . . .      Spirit   .   a - +0 robe
rPois   .          Reflect  .   (helmet restricted)
rElec   .          Harm     .   (no cloak)
rCorr   .          Rampage  .   (gloves unavailable)
Will    .....                   (boots unavailable)
Stlth   +.........              (no amulet)
HPRegen 0.92/turn               (no ring)
MPRegen 0.08/turn               (no ring)

@: no status effects
A: large, unfitting armour, claws 3, regeneration 1, shaggy fur 1, tough skin 1
a: no special abilities


You were on level 2 of the Dungeon.
You visited 1 branch of the dungeon, and saw 2 of its levels.

You collected 31 gold pieces.

Inventory:

Armour
 a - a +0 robe (worn)
 b - a +0 kite shield (worn)
Scrolls
 d - 2 scrolls of identify {unknown}
 f - a scroll of enchant armour {unknown}
Potions
 c - a potion of might
 e - a potion of curing {unknown}


   Skills:
 + Level 2.7 Fighting
 - Level 2.4 Dodging
 + Level 3.0 Shields
 * Level 2.9 Unarmed Combat


You had 2 spell levels left.
You didn't know any spells.
Your spell library was empty.

Dungeon Overview and Level Annotations

Branches:
Dungeon (2/15)

Altars:

Annotations:
D:2 Terence


Innate Abilities, Weirdness & Mutations

You are too large for most types of armour.
You have claws for hands.
Your natural rate of healing is unusually fast.
You are covered in fur. (AC +1)
You have tough skin. (AC +1)


Message History

You block the jackal's attack.
You scratch the jackal but do no damage.
The jackal is heavily wounded.
You block the jackal's attack.
You claw the jackal!
You kill the jackal!
You closely miss the jackal. You block the jackal's attack.
The jackal barely misses you.
You closely miss the jackal. You block the jackal's attack.
You claw the jackal!
You kill the jackal!
You have reached level 3!
Your experience leads to an increase in your attributes!
Increase (S)trength, (I)ntelligence, or (D)exterity?
You feel stronger. x3
You closely miss the jackal. The jackal barely misses you.
The jackal closely misses you.
You closely miss the jackal.
The jackal bites you but does no damage.
You closely miss the jackal. You block the jackal's attack.
The jackal closely misses you.
You barely miss the jackal.
The jackal bites you but does no damage.
You scratch the jackal but do no damage.
The jackal bites you but does no damage.
You block the jackal's attack.
You closely miss the jackal. The jackal bites you.
You completely miss the jackal. You block the jackal's attack. x2
You closely miss the jackal. The jackal barely misses you.
You closely miss the jackal.
The jackal bites you but does no damage.
You block the jackal's attack.
You scratch the jackal but do no damage.
The jackal bites you.
You scratch the jackal.
You kill the jackal!
HP restored.
Terence the Incautious comes into view.
He is wielding a +0 flail.
Terence is nearby!
Are you sure you want to abandon this character and quit the game? (Confirm with "yes".)

..# #.# #.# #.# #.#
#†# ######.#
@.###.....†###
.......@.....#
#####.####.#.# #
#(#.# #.#.# #.#.#
#.#.# #### #.#.#
##...
.####.#.#######....
...................


You could see Terence (asleep).

Vanquished Creatures
  A dart slug (D:1)
  4 endoplasms (D:1)
  A giant cockroach (D:1)
  A goblin (D:1)
  A hobgoblin (D:1)
  4 jackals (D:2)
  4 ball pythons
  4 bats (D:1)
  A frilled lizard (D:1)
  A kobold (D:2)
  3 rats
25 creatures vanquished.

Notes
Turn   | Place    | Note
-------+----------+-------------------------------------------
     0 | D:1      | MacCMillion the Troll Fighter began the quest for the Orb.
     0 | D:1      | Reached XP level 1. HP: 22/22 MP: 0/0
   170 | D:1      | Reached XP level 2. HP: 29/29 MP: 1/1
   247 | D:1      | Found a faded altar of an unknown god.
   558 | D:2      | Reached skill level 3 in Shields
   568 | D:2      | Reached XP level 3. HP: 36/36 MP: 2/2
   583 | D:2      | Noticed Terence
   584 | D:2      | Quit the game

Illustrated notes

Levels and vault maps discovered:
D:1:      spicycebolla_arrival_xxxplode, layout_basic,
          dreamdust_ecumenical_altar_grove
D:2:      layout_loops_ring, kennysheep_flooded_box, uniq_sigmund,
          uniq_crazy_yiuf_cottage, uniq_terence

Skill      XL: |  1  2 |
---------------+-------+-----
Shields        | 3 |  3.0
Fighting       | |  2.7
Dodging        | |  2.4
Unarmed Combat | |  2.9

Action                   || total
-------------------------++-------
Melee: Unarmed           ||    63
Armor: Robe              ||    18
Dodge: Dodged            ||    22
Block: Kite shield       ||    23
